 Seeded DCSS version 0.28.0-56-g4927b6849a (webtiles) character file.

Game seed: 10077074884737061911 (custom seed)

5 tkbsonic5 the Sneak (level 1, -1/18 HPs)
             Began as a Hill Orc Brigand on Jan 26, 2023.
             Slain by a kobold
             ... wielding a +0 club
              (4 damage)
             ... on level 1 of the Dungeon.
             The game lasted 00:01:24 (220 turns).

tkbsonic5 the Sneak (Hill Orc Brigand)               Turns: 220, Time: 00:01:24

Health: -1/18      AC:  6    Str: 13    XL:     1   Next: 80%
Magic:  1/1        EV: 10    Int: 11    God:
Gold:   0          SH:  0    Dex: 12    Spells: 0/0 levels left

rFire   . . .      SeeInvis .   h - +0 hand axe
rCold   . . .      Faith    .   (no shield)
rNeg    . . .      Spirit   .   f - +0 ring mail
rPois   .          Reflect  .   (no helmet)
rElec   .          Harm     .   c - +0 cloak
rCorr   .          Rampage  .   (no gloves)
Will    .....                   (no boots)
Stlth   ++........              (no amulet)
HPRegen 0.06/turn               (no ring)
MPRegen 0.07/turn               (no ring)

@: flying
A: no striking features
a: no special abilities


You were on level 1 of the Dungeon.
You visited 1 branch of the dungeon, and saw 1 of its levels.

Inventory:

Hand Weapons
 a - a +2 dagger
 h - a +0 hand axe (weapon)
Missiles
 d - a poisoned dart (quivered)
 e - 2 curare-tipped darts
Armour
 b - a +0 robe
 c - a +0 cloak (worn)
 f - a +0 ring mail (worn)


   Skills:
 * Level 2.7 Fighting
 - Level 2.0 Short Blades
 * Level 0.2 Axes
 * Level 1.9 Throwing
 + Level 0.3 Armour
 - Level 0.7 Dodging
 - Level 3.3 Stealth


You couldn't memorise any spells.
You didn't know any spells.
Your spell library was empty.

Dungeon Overview and Level Annotations

Branches:
Dungeon (1/15)

Altars:


Message History

You closely miss the kobold. The kobold barely misses you.
An endoplasm comes into view.
The kobold misses you.
You see here a poisoned dart.
You barely miss the kobold. The kobold hits you with a +0 club.
You closely miss the kobold. The kobold hits you with a +0 club. x2
You are too injured to fight recklessly!
You are too injured to fight recklessly!
You closely miss the kobold. The kobold hits you but does no damage.
The kobold hits you but does no damage.
A rat comes into view.
Found a mace.
The endoplasm hits you but does no damage.
The endoplasm closely misses you.
Found 20 sling bullets.
It was a potion of flight.
You feel very buoyant.
You fly up into the air.
The kobold misses you.
You completely miss the kobold. The kobold hits you but does no damage.
Throw: 3 darts (poison)
Press: ? - help, Q - select action, (/) - cycle Shift-Dir - straight line, f - kobold
Aim: a kobold, wielding a +0 club (50% to hit)
You throw a poisoned dart.
The poisoned dart closely misses the kobold.
The poisoned dart barely misses the endoplasm.
The kobold hits you but does no damage.
You closely miss the kobold. The kobold hits you with a +0 club.
The kobold barely misses you.
You barely miss the kobold. The kobold hits you with a +0 club.
* * * LOW HITPOINT WARNING * * *
Throw: 2 darts (poison)
Press: ? - help, Q - select action, (/) - cycle Shift-Dir - straight line, f/p - kobold
Aim: a kobold, wielding a +0 club (50% to hit)
You throw a poisoned dart.
The poisoned dart closely misses the kobold.
The poisoned dart hits the endoplasm.
The endoplasm is poisoned.
The kobold barely misses you.
You completely miss the kobold. The kobold closely misses you.
You closely miss the kobold. The kobold hits you with a +0 club.
You die...

##...............................
.##.....#....###(....#..#......
...#....#......#.(...#..#......
.##.....#....###.............#.
##......................#..#.#
...........................).#
................Jr.........#.#
##...######.####K#.#.#.##..# .
..#..# #.# #@#........... ......
.# #.#.....#.#.#.# ..#..# .#
#.........###.# .....#
#.........# .....##.#.# ..#(## .#
..### ....


You could see an endoplasm (poisoned), a kobold and a rat.

Vanquished Creatures
  A giant cockroach (D:1)
  2 hobgoblins (D:1)
  A ball python (D:1)
  A frilled lizard (D:1)
5 creatures vanquished.

Notes
Turn   | Place    | Note
-------+----------+-------------------------------------------
     0 | D:1      | tkbsonic5 the Hill Orc Brigand began the quest for the Orb.
     0 | D:1      | Reached XP level 1. HP: 18/18 MP: 1/1
   220 | D:1      | Slain by a kobold

Illustrated notes

Levels and vault maps discovered:
D:1:      erik_arrival_blinker_ship, layout_basic

Action                   || total
-------------------------++-------
Melee: Dagger            ||    11
       Hand axe          ||    10
Throw: Dart              ||     7
  Use: Potion            ||     1
Armor: Ring mail         ||    11
Dodge: Dodged            ||    13
